 Dungeon Crawl Stone Soup version 0.29.0-5-ge4962eb29e (webtiles) character file.

Game seed: 18052009760750558291

72 ProzacElf the Ducker (level 4, 0/39 HPs)
             Began as a Troll Air Elementalist on Aug 29, 2022.
             Was a Follower of Okawaru.
             Slain by an orc warrior
             ... wielding a +0 mace
              (4 damage)
             ... on level 2 of the Dungeon.
             The game lasted 00:05:26 (2159 turns).

ProzacElf the Ducker (Troll Air Elementalist)       Turns: 2159, Time: 00:05:27

Health: 0/39       AC:  4    Str: 18    XL:     4   Next: 7%
Magic:  4/4        EV: 14    Int: 11    God:    Okawaru [*.....]
Gold:   148        SH:  0    Dex: 10    Spells: 2/5 levels left

rFire   . . .      SeeInvis .     - Unarmed
rCold   . . .      Faith    .   (no shield)
rNeg    . . .      Spirit   .   a - +0 robe
rPois   +          Reflect  .   (helmet restricted)
rElec   .          Harm     .   (no cloak)
rCorr   .          Rampage  .   (gloves unavailable)
Will    .....                   (boots unavailable)
Stlth   +.........              (no amulet)
HPRegen 0.93/turn               d - +4 ring of evasion {=R}
MPRegen 0.09/turn               i - ring of poison resistance

@: no status effects
A: large, unfitting armour, claws 3, regeneration 1, shaggy fur 1, tough skin 1
a: Renounce Religion, Heroism


You were on level 2 of the Dungeon.
You worshipped Okawaru.
Okawaru was aware of your devotion.
You visited 1 branch of the dungeon, and saw 3 of its levels.

You collected 148 gold pieces.

Inventory:

Hand Weapons
 b - a +0 sling
Missiles
 n - 6 poisoned darts (quivered)
Armour
 a - a +0 robe (worn)
Jewellery
 d - a +4 ring of evasion (left claw) {=R}
 i - a ring of poison resistance (right claw)
 r - a ring of wizardry
Scrolls
 c - a scroll of amnesia
 h - 2 scrolls of blinking {unknown}
 k - a scroll of magic mapping
 l - a scroll of enchant weapon
 q - 2 scrolls of poison {unknown}
Potions
 f - a potion of magic
 g - a potion of flight {unknown}
 j - a potion of degeneration {unknown}
 m - 3 potions of attraction
 o - a potion of ambrosia {unknown}


   Skills:
 + Level 2.7 Dodging
 - Level 1.0 Stealth
 + Level 2.5 Unarmed Combat
 - Level 1.2 Spellcasting
 - Level 0.6 Conjurations
 - Level 2.0 Air Magic


You had 2 spell levels left.
You knew the following spells:

 Your Spells              Type           Power      Damage    Failure   Level
a - Shock                 Conj/Air       12%        1d3       19%         1
b - Static Discharge      Conj/Air       3%         3-4/arc   28%         2

Your spell library contained the following spells:

 Spells                   Type           Power      Damage    Failure   Level
 Swiftness                Air            5%         N/A       38%         3
 Airstrike                Air            2%         2d(1-17)  80%         4


Dungeon Overview and Level Annotations

Branches:
Dungeon (3/15)

Altars:
Makhleb
Okawaru


Innate Abilities, Weirdness & Mutations

You are too large for most types of armour.
You have claws for hands.
Your natural rate of healing is unusually fast.
You are covered in fur. (AC +1)
You have tough skin. (AC +1)


Message History

Ye barely resist.
Health restored: 39 Tha orc warrior throws a boomerang.
Tha boomerang barely misses ye.
Thar be a stone staircase leadin' up 'ere.
Ye climb upwards.
Reactivatin' autopickup.
Thar be a stone staircase leadin' down 'ere.
Ye start waitin'.
Done waitin'.
Thar be a stone staircase leadin' down 'ere.
Ye climb downwards.
Tha orc warrior hits ye wit' a +0 mace.
Thar be a stone staircase leadin' up 'ere.
Ye take 4 damage, an' haf 35/39 hp.
Tha orc warrior hits ye wit' a +0 mace!
Ye climb upwards.
Thar be a stone staircase leadin' down 'ere.
Ye take 10 damage, an' haf 25/39 hp.
MASSIVE DAMAGE!!
Ye scratch tha orc warrior.
Tha orc warrior be lightly wounded.
Tha orc warrior hits ye wit' a +0 mace.
Ye take 4 damage, an' haf 21/39 hp.
Ye scratch tha orc warrior but do nay damage.
Tha orc warrior be lightly wounded.
Tha orc warrior misses ye.
Ye scratch tha orc warrior.
Tha orc warrior be moderately wounded.
Tha orc warrior hits ye wit' a +0 mace.
Ye take 5 damage, an' haf 17/39 hp.
Ye scratch tha orc warrior.
Tha orc warrior be heavily wounded.
Tha orc warrior misses ye.
Ye scratch tha orc warrior but do nay damage.
Tha orc warrior be heavily wounded.
Tha orc warrior hits ye wit' a +0 mace!
* * * LOW HITPOINT WARNIN'
* * * Ye take 14 damage, an' haf 3/39 hp.
MASSIVE DAMAGE!!
Ye scratch tha orc warrior but do nay damage.
Tha orc warrior be heavily wounded.
Tha orc warrior hits ye wit' a +0 mace.
Ye die...

#......#...##.#..#.#.........#
#......#......#.....###...####
#......#.#######)#..# #...#
#......#.#.......#..# #...#
########.#.#######..###...#####
#.#.# #.............
#.#.#######'######+#####
#.#.##o...........).....
#.#.##.@.........).[....
#...#............)......
#####............#######
#............#######
#............#...>.#
#............#.###.#
##...>.......#.#...#
####'########.#.###
##..........#.#..


You could see an orc warrior.

Vanquished Creatures
  2 adders (D:2)
  2 worms (D:2)
  3 dart slugs
  2 orcs
  2 endoplasms
  A giant cockroach (D:3)
  4 goblins
  3 hobgoblins
  5 jackals (D:1)
  5 kobolds
  A quokka (D:1)
  4 ball pythons
  2 bats
  A frilled lizard (D:2)
  3 rats (D:2)
40 creatures vanquished.

Notes
Turn   | Place    | Note
-------+----------+-------------------------------------------
     0 | D:1      | ProzacElf the Troll Air Elementalist began the quest for
                  | the Orb.
     0 | D:1      | Reached XP level 1. HP: 16/16 MP: 1/1
   220 | D:1      | Reached skill level 1 in Unarmed Combat
   226 | D:1      | Reached XP level 2. HP: 24/24 MP: 2/2
   992 | D:2      | Reached XP level 3. HP: 31/31 MP: 3/3
  1145 | D:2      | Found a faded altar of an unknown god.
  1159 | D:2      | Prayed at the altar of an unknown god.
  1159 | D:2      | Became a worshipper of Warmaster Okawaru
  1159 | D:2      | Reached * piety under Okawaru
  1160 | D:2      | Found a burning altar of Makhleb.
  1772 | D:3      | Reached XP level 4. HP: 39/39 MP: 4/4
  1804 | D:3      | Learned a level 2 spell: Static Discharge
  1947 | D:3      | Noticed an orc warrior
  2159 | D:2      | Slain by an orc warrior

Illustrated notes

Levels and vault maps discovered:
D:1:      scummos_arrival_simple_fountains, layout_basic
D:2:      layout_basic, basic_altar, hellmonk_ecumenical_altar_run_dry
D:3:      layout_rooms, mainiacjoe_overflow_divided_tiny,
          nicolae_elevator_lobby_asterisk

Skill      XL: |  1  2  3 |
---------------+----------+-----
Unarmed Combat | 1 2 |  2.5
Dodging        | 2 |  2.7
Stealth        | |  1.0
Spellcasting   | |  1.2
Conjurations   | |  0.6
Air Magic      | |  2.0

Action                   |  1- 3 |  4- 6 || total
-------------------------+-------+-------++-------
Melee: Unarmed           |   110 |    17 ||   127
  Use: Scroll            |       |     5 ||     5
       Potion            |       |     2 ||     2
 Stab: Sleeping          |     1 |     1 ||     2
Armor: Robe              |    12 |     4 ||    16
Dodge: Dodged            |    53 |    13 ||    66
